 Dungeon Crawl Stone Soup version 0.29.1-4-g47bece8355 (webtiles) character file.

Game seed: 15744992835002449710

45 H0rd4k the Charlatan (level 3, -6/24 HPs)
             Began as an Octopode Artificer on Dec 5, 2022.
             Mangled by an iguana (13 damage)
             ... on level 4 of the Dungeon.
             The game lasted 00:01:14 (1644 turns).

H0rd4k the Charlatan (Octopode Artificer)           Turns: 1644, Time: 00:01:15

Health: -6/24      AC:  1    Str: 11    XL:     3   Next: 64%
Magic:  5/5        EV: 13    Int: 15    God:
Gold:   35         SH:  0    Dex: 12    Spells: 5/5 levels left

rFire   . . .      SeeInvis .     - Unarmed
rCold   . . .      Faith    .   (no shield)
rNeg    . . .      Spirit   .   (helmet restricted)
rPois   .          Reflect  .   (no amulet)
rElec   .          Harm     .   (no ring)
rCorr   .          Rampage  .   (no ring)
Will    .....                   (no ring)
Stlth   +++.......              (no ring)
HPRegen 0.08/turn               (no ring)
MPRegen 0.09/turn               (no ring)
                                (no ring)
                                (no ring)

@: no status effects
A: almost no armour, amphibious, 8 rings, camouflage 1, gelatinous body 1,
(nimble swimmer 1), tentacles
a: no special abilities


You were on level 4 of the Dungeon.
You visited 1 branch of the dungeon, and saw 3 of its levels.

You collected 35 gold pieces.

Inventory:

Jewellery
 f - a +4 ring of slaying
 n - a ring of poison resistance
Wands
 b - a wand of flame (15) (quivered)
 c - a wand of charming (13)
 d - a wand of iceblast (5)
Scrolls
 e - a scroll of vulnerability {unknown}
 g - a scroll of torment {unknown}
 j - a scroll of identify {unknown}
 k - a scroll of magic mapping {unknown}
Potions
 a - a potion of invisibility {unknown}
 h - a potion of haste {unknown}
 i - a potion of might {unknown}
 l - a potion of magic {unknown}
 m - a potion of curing {unknown}


   Skills:
 * Level 2.1 Fighting
 - Level 2.3 Dodging
 - Level 1.3 Stealth
 + Level 1.1 Unarmed Combat
 * Level 1.7 Spellcasting
 - Level 3.2 Evocations


You had 5 spell levels left.
You didn't know any spells.
Your spell library contained the following spells:

 Spells                   Type           Power      Damage    Failure   Level
 Apportation              Tloc           2%         N/A       22%         1
 Necrotise                Necr           4%         1d4       22%         1
 Summon Small Mammal      Summ           4%         N/A       22%         1


Dungeon Overview and Level Annotations

Branches:
Dungeon (4/15)
 Temple: D:4-7

Altars:


Innate Abilities, Weirdness & Mutations

You cannot wear most types of armour.
You are amphibious.
You can wear up to eight rings at the same time.
Your skin changes colour to match your surroundings (Stealth+).
Your rubbery body absorbs attacks. (AC +1, EV +1)
((You are camouflaged when in or above water. (Stealth+)))
You have tentacles for arms and can constrict up to eight enemies at once.


Message History

The adder barely misses you. The adder misses you.
You miss the adder. You grab the adder.
The adder is severely wounded.
You constrict the adder. The adder bites you but does no damage.
You tentacle-slap the adder.
The adder is almost dead.
You constrict the adder.
You kill the adder!
Your Unarmed Combat skill increases to level 1!
No target in view!
You open the door.
An iguana comes into view.
There is an open door here.
An iguana is nearby!
Found a ring mail.
An iguana is nearby!
The iguana hisses angrily.
You tentacle-slap the iguana. You grab the iguana.
The iguana is lightly wounded.
You constrict the iguana, but do no damage.
The iguana barely misses you.
You tentacle-slap the iguana.
The iguana is moderately wounded.
You constrict the iguana. The iguana misses you.
You barely miss the iguana.
The iguana is moderately wounded.
You constrict the iguana. The iguana bites you!
You tentacle-slap the iguana but do no damage.
The iguana is moderately wounded.
You constrict the iguana. The iguana bites you!
* * * LOW HITPOINT WARNING * * *
You tentacle-slap the iguana but do no damage.
You squeeze the iguana, but do no damage.
The iguana is heavily wounded.
You constrict the iguana. The iguana closely misses you.
You tentacle-slap the iguana but do no damage.
The iguana is severely wounded.
You constrict the iguana. The iguana bites you!
Ouch! That really hurt!
You die...

# #... ..# #.#
###..##### ####.####
.....## #........
##...[.## #.##.###.
##.......## #..#...#.
#.........####...##.#.
+.........+..†........
#....l....####...##.#.
#...@...# #........
##.....## ######.##
##...## ###......
##'## ##.#.##.##
########.# ##.#..##.##
#........# #.###....##
#.#####..##
##.#..##### ##...##
##.#.##### ##.....###
#.#......


You could see an iguana.

Vanquished Creatures
  An adder (D:4)
  5 dart slugs
  2 endoplasms (D:1)
  A giant cockroach (D:1)
  A goblin (D:1)
  3 hobgoblins
  5 kobolds
  A quokka (D:2)
  A ball python (D:1)
  2 bats
  4 rats (D:1)
26 creatures vanquished.

Notes
Turn   | Place    | Note
-------+----------+-------------------------------------------
     0 | D:1      | H0rd4k the Octopode Artificer began the quest for the Orb.
     0 | D:1      | Reached XP level 1. HP: 13/13 MP: 1/1
   216 | D:1      | Reached skill level 1 in Spellcasting
   216 | D:1      | Reached XP level 2. HP: 17/18 MP: 3/3
   621 | D:1      | Found a faded altar of an unknown god.
  1188 | D:1      | Reached XP level 3. HP: 24/24 MP: 5/5
  1415 | D:2      | You fall into a shaft and drop 2 floors!
  1452 | D:4      | Noticed a phantom
  1632 | D:4      | Reached skill level 1 in Unarmed Combat
  1644 | D:4      | Mangled by an iguana

Illustrated notes

Levels and vault maps discovered:
D:1:      dpeg_arrival_lava_temple_mockup, layout_loops_ring,
          hellmonk_ecumenical_altar_lost_god, minivault_27,
          minmay_split_cup_large
D:2:      layout_rooms
D:4:      layout_loops_corners

Skill      XL: |  1  2  3 |
---------------+----------+-----
Spellcasting   | 1 |  1.7
Fighting       | 2 |  2.1
Unarmed Combat | 1 |  1.1
Dodging        | |  2.3
Stealth        | |  1.3
Evocations     | |  3.2

Action                   || total
-------------------------++-------
Melee: Unarmed           ||    77
       Constrict         ||    21
       Tentacles         ||    20
       Punch             ||     3
Evoke: Wand              ||     2
 Stab: Sleeping          ||     9
       Distracted        ||     1
Armor: Skin              ||    11
Dodge: Dodged            ||    42
